[Event "Live Chess"]
[Site "Chess.com"]
[Date "2023.05.21"]
[Round "-"]
[White "Tushinskiy"]
[Black "YichenLFC"]
[Result "1-0"]
[WhiteElo "2176"]
[BlackElo "816"]
[TimeControl "300"]
[EndTime "0:19:59 PDT"]
[Termination "Tushinskiy won on time"]

1. d4 e6 2. c3 Nc6 3. Nf3 d5 4. Bf4 h6 5. Nbd2 Nf6 6. Bg3 Bd6 7. e3 Bxg3 8. hxg3 e5 9. Nxe5 Nxe5 10. dxe5 Ng4 11. Nf3 Be6 12. Qd4 O-O 13. Rh4 f5 14. exf6 Qxf6 15. Rxg4 Bxg4 16. Qxg4 Qf5 17. Qxf5 Rxf5 18.
Bd3 Rf6 19. Rd1 Re8 20. Bc2 c6 21. Bb3 a6 22. c4 dxc4 23. Bxc4+ Kh8 24. Rd7 b5 25.
Bb3 c5 26. Bc2 c4 27. Nh4 Kg8 28. Nf5 Rf7 29. Rxf7 Kxf7 30. Nd6+ Ke7 31. Nxe8 Kxe8 32. Be4 Kd7 33. Bb7 a5 34. Kd2 Kc7 35. Ba8 b4 36. Bd5 c3+ 37. bxc3 Kd6 38. Bb3 bxc3+ 39. Kxc3 Kc5 40.
f4 g6 41. e4 h5 42. Bf7 g5 43. Bxh5 gxf4 44. gxf4 a4 45. Bd1 a3 46. g4 Kd6 47.
Kd4 Ke7 48. g5 Kf8 49. Bb3 Ke7 50. f5 Kf8 51. Ke5 Ke7 52. g6 Kf8 53. Kf6 Ke8 54. g7 1-0

[Event "Live Chess"]
[Site "Chess.com"]
[Date "2023.05.21"]
[Round "-"]
[White "Ian-Morley"]
[Black "BostonStrangler"]
[Result "0-1"]
[WhiteElo "1069"]
[BlackElo "2062"]
[TimeControl "300"]
[EndTime "0:20:00 PDT"]
[Termination "BostonStrangler won by resignation"]

1. e4 c5 2. Nf3 g6 3. Bb5 Bg7 4. O-O a6 5. Bc4 b5 6. Bd3 e6 7.
c4 b4 8. b3 Bxa1 9. Re1 Bg7 10.
e5 Nc6 11. Be4 Nge7 12. a3 a5 13. axb4 axb4 14. Bb2 Bb7 15. d3 O-O 16. Nbd2 Ra2 17. Qc2 Qa8 18. Bxc6 Bxc6 19. d4 cxd4 20. Nxd4 Bxg2 21.
Ra1 Rxa1+ 22. Bxa1 Qxa1+ 23. Kxg2 Qxd4 24. Nf3 Qg4+ 25. Kf1 Qxf3 0-1

[Event "Live Chess"]
[Site "Chess.com"]
[Date "2023.05.21"]
[Round "-"]
[White "ChessClubLive"]
[Black "nigelst"]
[Result "0-1"]
[WhiteElo "1729"]
[BlackElo "1709"]
[TimeControl "300"]
[EndTime "0:20:04 PDT"]
[Termination "nigelst won by resignation"]

1. e4 c6 2. f4 d5 3. exd5 cxd5 4. Nf3 Nf6 5. Bb5+ Bd7 6. Bxd7+ Nbxd7 7. O-O e6 8. Nc3 Bc5+ 9. d4 Bb6 10. a4 a6 11.
a5 Ba7 12. h3 O-O 13. Be3 Rc8 14. g4 Qc7 15. g5 Ne4 16. Ne5 Nxe5 17. fxe5 Nxc3 18.
bxc3 Qxc3 19. Rf3 Qxc2 20. Qf1 Rc4 21. Rc1 Qa4 22. Ra1 Qc6 23. h4 Bxd4 24. Bxd4 Rxd4 25.
h5 Rg4+ 0-1

[Event "Live Chess"]
[Site "Chess.com"]
[Date "2023.05.21"]
[Round "-"]
[White "MaximKris"]
[Black "chessfiction"]
[Result "0-1"]
[WhiteElo "1834"]
[BlackElo "2351"]
[TimeControl "300"]
[EndTime "0:20:38 PDT"]
[Termination "chessfiction won by checkmate"]

1. e4 d5 2. exd5 c6 3. Nc3 Nf6 4. d4 cxd5 5. Nf3 Nc6 6. Bb5 Bg4 7. O-O Qb6 8. Bxc6+ bxc6 9. Na4 Qc7 10. Nc5 e6 11. h3 h5 12. Bg5 Ne4 13. Re1 Bxf3 14. Qxf3 Nxg5 15. Qd3 Bxc5 16. dxc5 Ne4 17. b4 O-O 18. a4 Qf4 19. Rf1 f5 20. b5 Nxc5 21. Qc3 Ne4 22.
Qxc6 Qd6 23. Qxd6 Nxd6 24. Rfb1 Rac8 25. a5 Rxc2 26. b6 axb6 27. axb6 Rb8 28. Ra7 d4 29. b7 Rxb7 30. Raxb7 Nxb7 31. Rxb7 e5 32. Kf1 d3 33. Ke1 e4 34. Rb5 f4 35. Rb4 e3 36.
Rxf4 Rc1# 0-1

[Event "Live Chess"]
[Site "Chess.com"]
[Date "2023.05.21"]
[Round "-"]
[White "rmethornhill"]
[Black "WilliamofOrange16th"]
[Result "0-1"]
[WhiteElo "1156"]
[BlackElo "1817"]
[TimeControl "300"]
[EndTime "0:20:42 PDT"]
[Termination "WilliamofOrange16th won by resignation"]

1. d4 d5 2. c4 c6 3. Nf3 Nf6 4. Nc3 a6 5. Bg5 dxc4 6. e3 b5 7. Bxf6 exf6 8. a4 Bb7 9. axb5 cxb5 10. Be2 Bb4 11. O-O O-O 12. Qc2 Nc6 13. Rfd1 Ne7 14. d5 Bxc3 15. Qxc3 Nxd5 16. Qc2 Qe7 17. Nd4 g6 18.
Qd2 Rfd8 19. Qa5 Qc7 20. Qxc7 Nxc7 21. Rac1 Bd5 22. b3 Ne6 23. bxc4 bxc4 24. Nf3 a5 25. Bxc4 Bxc4 26. Rxd8+ Rxd8 27. Rxc4 Rd1+ 0-1

[Event "Live Chess"]
[Site "Chess.com"]
[Date "2023.05.21"]
[Round "-"]
[White "BillythekidFellowes"]
[Black "JoeRoot66"]
[Result "1-0"]
[WhiteElo "2038"]
[BlackElo "1931"]
[TimeControl "300"]
[EndTime "0:20:43 PDT"]
[Termination "BillythekidFellowes won by resignation"]

1. e4 c6 2. d4 d5 3. exd5 cxd5 4.
c4 Nf6 5. Nc3 g6 6. Nf3 Bg7 7.
Be3 O-O 8. Be2 Nc6 9. O-O Bg4 10. Ne5 Bxe2 11. Qxe2 Nxe5 12. dxe5 Ne4 13. Nxe4 dxe4 14. Rfd1 Qc7 15. e6 Rad8 16. exf7+ Kxf7 17. Rac1 Rxd1+ 18. Rxd1 Rd8 19. b3 Rxd1+ 20. Qxd1 Qd6 21. Qg4 h5 22. Qf4+ Qxf4 23. Bxf4 e5 24. Be3 a6 25. Kf1 Ke6 26. Ke2 Kd6 27. h4 Bf6 28. g3 Be7 29. b4 Kc6 30. a3 b5 31. c5 Kd5 32.
Kd2 Bd8 33. Kc3 a5 34. Bg5 Bc7 35. Be7 Ke6 36. Bg5 Kd5 37. Be3 Kc6 38. Kb3 a4+ 39.
Kc3 Kd5 40. Bd2 Bd8 41. Bg5 Bc7 42. Kd2 Kc4 43. Kc2 Bb8 44. Bd8 Kd5 45. Kd2 Kc6 46.
Ke3 Kd5 47. Ba5 Ba7 48. Bc7 Bxc5+ 49. bxc5 Kxc5 50. Kxe4 b4 51. axb4+ Kxb4 52. Kxe5 Kb3 53. Kf6 a3 54. Kxg6 a2 55. Be5 1-0

[Event "Live Chess"]
[Site "Chess.com"]
[Date "2023.05.21"]
[Round "-"]
[White "diana21strabt"]
[Black "mirandaasilva"]
[Result "0-1"]
[WhiteElo "1708"]
[BlackElo "1646"]
[TimeControl "300"]
[EndTime "0:21:10 PDT"]
[Termination "mirandaasilva won by checkmate"]

1. e4 c5 2. Nf3 e6 3. d4 cxd4 4. Nxd4 Nf6 5. Nc3 a6 6. Bg5 d6 7. f4 Nbd7 8. Qf3 Be7 9. g4 Qb6 10.
O-O-O h6 11. Bxf6 gxf6 12. f5 e5 13. Nb3 Qc7 14. Nd5 Qc6 15. Nxe7 Kxe7 16. Qd3 b5 17. Qd5 Bb7 18. Na5 Qxd5 19. exd5 Rab8 20. a4 bxa4 21.
Nxb7 Rxb7 22. Bxa6 Rb6 23. Bc4 Ra8 24. Rd3 Nc5 25. Ra3 Rb4 26. b3 Rab8 27. Kb2 Rxc4 28. Kc1 axb3 29. Ra7+ Kf8 30. h4 Rxc2+ 31. Kb1 Nd3 32.
g5 fxg5 33. hxg5 b2 34. Rxh6 Rc1+ 35. Ka2 b1=Q+ 36. Ka3 Qb3# 0-1

[Event "Live Chess"]
[Site "Chess.com"]
[Date "2023.05.21"]
[Round "-"]
[White "Rusty_Bridges"]
[Black "Crowded_House"]
[Result "1-0"]
[WhiteElo "1552"]
[BlackElo "1662"]
[TimeControl "300"]
[EndTime "0:21:12 PDT"]
[Termination "Rusty_Bridges won by checkmate"]

1. e4 e6 2. d4 d5 3. exd5 exd5 4. Nf3 Bd6 5. Bd3 Ne7 6. Bg5 f6 7. Bh4 O-O 8. O-O Bf5 9. Nc3 c6 10. Re1 Bxd3 11. Qxd3 Nd7 12. Re2 Ng6 13. Bg3 Bxg3 14.
hxg3 Kf7 15. Rae1 Qc7 16. Nh4 Rfe8 17. Nxg6 Rxe2 18. Rxe2 hxg6 19. Qe3 Nf8 20. Na4 b6 21. Nc3 Qd7 22. Re1 Re8 23. Qd2 Rxe1+ 24. Qxe1 Qe6 25. Kf1 Qxe1+ 26. Kxe1 Ne6 27. Ne2 g5 28. c3 f5 29.
Kd2 g6 30. Ke3 Nc7 31. Nc1 Ke6 32. Nd3 Na6 33. Ne5 Kf6 34. Nxc6 Ke6 35. Nxa7 Nc7 36.
Nc6 Ne8 37. Ne5 Kf6 38. Nd7+ Ke6 39. Nxb6 Nd6 40. b4 Nb5 41. Kd3 f4 42. gxf4 gxf4 43.
a4 Na7 44. a5 Kd6 45. Na4 g5 46. Nc5 Nb5 47. g3 fxg3 48. fxg3 Ke7 49. Kc2 Kf6 50. Nd3 Kf5 51. Ne5 Ke4 52. a6 Ke3 53.
Nc6 Kf2 54. g4 Kf3 55. a7 Nxa7 56. Nxa7 Kxg4 57. Nc6 Kf3 58. Ne5+ Kf4 59. b5 Kf5 60. b6 g4 61. Nxg4 Kxg4 62. b7 Kf4 63. b8=Q+ Ke4 64. Qd6 Ke3 65. Qxd5 Kf4 66. c4 Ke3 67. c5 Kf4 68. c6 Ke3 69. c7 Ke2 70. c8=Q Ke3 71. Qe8+ Kf4 72. Qdf7+ Kg5 73. Qeg8+ Kh6 74. Qfh7# 1-0

[Event "Live Chess"]
[Site "Chess.com"]
[Date "2023.05.21"]
[Round "-"]
[White "Leonid_Starozhilov"]
[Black "Denz14"]
[Result "1-0"]
[WhiteElo "2646"]
[BlackElo "1031"]
[TimeControl "300"]
[EndTime "0:21:12 PDT"]
[Termination "Leonid_Starozhilov won by resignation"]

1. e4 d5 2. exd5 Qxd5 3. Nf3 Qd8 4. d4 Bg4 5. Bc4 e6 6. h3 Bxf3 7. Qxf3 c6 8. c3 Nf6 9. O-O Bd6 10. Bg5 Nbd7 11. Nd2 Be7 12. Rfe1 O-O 13. Re2 Nd5 14. Bxe7 Qxe7 15. Bxd5 cxd5 16. Qxd5 exd5 17. Rxe7 Nf6 18. Rxb7 Rab8 19. Rxb8 Rxb8 20. b4 Rc8 21. Rc1 Ne4 22. Nxe4 dxe4 23. c4 f5 24. d5 Kf7 25. d6 Ke6 26. c5 Kd5 27. d7 Rd8 28. c6 1-0

[Event "Live Chess"]
[Site "Chess.com"]
[Date "2023.05.21"]
[Round "-"]
[White "smoggyrabbit"]
[Black "Driftboard"]
[Result "1-0"]
[WhiteElo "1731"]
[BlackElo "808"]
[TimeControl "300"]
[EndTime "0:21:47 PDT"]
[Termination "smoggyrabbit won by checkmate"]

1. d4 d5 2. Nf3 Nf6 3. e3 Nc6 4. Bd3 Bg4 5. Nbd2 Bxf3 6. Nxf3 e6 7. O-O Bd6 8. b3 O-O 9. Bb2 Ng4 10.
h3 Nh2 11. Nxh2 Bxh2+ 12. Kxh2 Nb4 13. c4 Nxd3 14. Qxd3 dxc4 15. bxc4 Qd7 16. f4 a6 17. Rf3 b5 18. cxb5 axb5 19. Rg3 c6 20. d5 exd5 21. Rxg7+ Kh8 22. Qxh7# 1-0

[Event "Live Chess"]
[Site "Chess.com"]
[Date "2023.05.21"]
[Round "-"]
[White "Hacker_2009"]
[Black "JohanKjeldahl"]
[Result "0-1"]
[WhiteElo "1941"]
[BlackElo "1884"]
[TimeControl "300"]
[EndTime "0:22:07 PDT"]
[Termination "JohanKjeldahl won by resignation"]

1. d4 Nf6 2. Nf3 e6 3. c4 c5 4.
e3 d5 5. Nc3 Nc6 6. cxd5 exd5 7. Be2 Be6 8. O-O Be7 9. b3 O-O 10. Bb2 b6 11. Rc1 Rc8 12. dxc5 bxc5 13. Na4 Ne4 14. Ne5 Nxe5 15. Bxe5 Bf6 16. Bxf6 Qxf6 17.
Bf3 c4 18. Bxe4 dxe4 19. Rxc4 Bxc4 20. bxc4 Rxc4 21. Qb3 Rfc8 22. h3 h6 23. Rb1 Qe5 24. Nb2 Rc2 0-1

[Event "Live Chess"]
[Site "Chess.com"]
[Date "2023.05.21"]
[Round "-"]
[White "Shepherds_Pie"]
[Black "Bot_Boy"]
[Result "1-0"]
[WhiteElo "1920"]
[BlackElo "324"]
[TimeControl "300"]
[EndTime "0:22:22 PDT"]
[Termination "Shepherds_Pie won on time"]

1. c4 g6 2. Nc3 c6 3. e4 e5 4. Nf3 d6 5. d4 h6 6. dxe5 dxe5 7.
Qxd8+ Kxd8 8. Nxe5 Be6 9. Bf4 Na6 10. O-O-O+ Kc8 11. Kb1 g5 12. Bg3 h5 13. h4 g4 14. f4 f5 15. Ng6 Bg7 16. Nxh8 Bxh8 17. e5 Nc7 18. Bf2 b6 19. Be2 Ne7 20. g3 Bg7 21.
Rd2 Kb7 22. Rhd1 Ka6 23. b3 b5 24. cxb5+ Nxb5 25. a4 Rb8 26. axb5+ Rxb5 27. Nxb5 cxb5 28. b4 1-0

[Event "Live Chess"]
[Site "Chess.com"]
[Date "2023.05.21"]
[Round "-"]
[White "Pandreq"]
[Black "Mikhail_Golubev"]
[Result "0-1"]
[WhiteElo "1255"]
[BlackElo "2472"]
[TimeControl "300"]
[EndTime "0:22:34 PDT"]
[Termination "Mikhail_Golubev won on time"]

1. d4 Na6 2. e4 c6 3. Nc3 Nc7 4. Nf3 d5 5. e5 Bf5 6. Bd3 Bxd3 7. Qxd3 e6 8. O-O Ne7 9. Na4 h5 10. Nc5 Qc8 11. c4 Nf5 12. cxd5 Nxd5 13. Ne4 Qd7 14. Bd2 Rd8 15. Rac1 Be7 16. Nc5 Bxc5 17. Rxc5 Nde7 18. Bc3 b6 19. Rc4 Qd5 20. Rd1 Ng6 21. g3 h4 22. Be1 h3 23. Rdc1 Nxe5 24. Qb3 Nxf3+ 0-1

[Event "Live Chess"]
[Site "Chess.com"]
[Date "2023.05.21"]
[Round "-"]
[White "Duke_of_Bebington"]
[Black "toxic_rabbit"]
[Result "0-1"]
[WhiteElo "1588"]
[BlackElo "1982"]
[TimeControl "300"]
[EndTime "0:22:41 PDT"]
[Termination "toxic_rabbit won by resignation"]

1. e4 e6 2. d4 d5 3. Nd2 c5 4. Ngf3 Nc6 5. exd5 exd5 6. dxc5 Bxc5 7. Bd3 Nf6 8. O-O O-O 9. h3 h6 10. Nb3 Bb6 11.
Bd2 Be6 12. Re1 Re8 13. Qc1 h5 14. Ne5 Nxe5 15. Rxe5 Bc7 16. Rg5 Qd6 17. g3 Bxh3 18.
Bf4 Qd7 19. Nd4 Ne4 20. Rxh5 Bg4 21. Rh2 Bb6 22. Ne2 Nxf2 23. Rxf2 Bxe2 24. Bxe2 Rxe2 0-1

[Event "Live Chess"]
[Site "Chess.com"]
[Date "2023.05.21"]
[Round "-"]
[White "Jeffaroow"]
[Black "YichenLFC"]
[Result "1-0"]
[WhiteElo "518"]
[BlackElo "583"]
[TimeControl "300"]
[EndTime "0:22:41 PDT"]
[Termination "Jeffaroow won - game abandoned"]

1. e4 e5 2. Nf3 Nc6 3. d4 exd4 4. Nxd4 Nxd4 5. Qxd4 Nf6 6. e5 c5 7. Qf4 Nd5 8. Qe4 Ne7 9. Nc3 d6 10. exd6 Qxd6 11. Bf4 1-0

[Event "Live Chess"]
[Site "Chess.com"]
[Date "2023.05.21"]
[Round "-"]
[White "chessleanstrategist"]
[Black "AlanPaling"]
[Result "0-1"]
[WhiteElo "407"]
[BlackElo "1368"]
[TimeControl "300"]
[EndTime "0:23:11 PDT"]
[Termination "AlanPaling won by resignation"]

1. c4 c5 2. Nf3 Nc6 3. g3 e5 4. d3 g6 5. Bg2 Bg7 6. Nc3 Nge7 7. e4 O-O 8. O-O d6 9. a3 f5 10.
Nd2 f4 11. gxf4 Rxf4 12. Nf3 Rf7 13. Ng5 Rf8 14. Ne6 Bxe6 15. Nd5 Bxd5 16. exd5 Nd4 17. Be3 Qb6 18. Rb1 Qb3 19. Qxb3 Nxb3 20. f4 Nf5 21. fxe5 Nxe3 22. Rxf8+ Rxf8 23. exd6 Nxg2 24. Kxg2 Rd8 25. Re1 Rxd6 26. Kf3 b5 27. cxb5 Rxd5 28. Ke4 Rd7 29. Kf3 Bxb2 30. Re8+ Kf7 31. Rh8 Kg7 32. Re8 Nd4+ 33. Kg4 Nxb5 34. Re2 Bxa3 0-1

[Event "Live Chess"]
[Site "Chess.com"]
[Date "2023.05.21"]
[Round "-"]
[White "martynstanley"]
[Black "mattihelenius2"]
[Result "1-0"]
[WhiteElo "987"]
[BlackElo "488"]
[TimeControl "300"]
[EndTime "0:23:12 PDT"]
[Termination "martynstanley won by checkmate"]

1. d4 e5 2. dxe5 Qe7 3. f4 Nc6 4. e3 f6 5. Nf3 fxe5 6. Nxe5 Nxe5 7. fxe5 Qxe5 8. Bd3 Nf6 9. O-O Bc5 10. Qf3 Bxe3+ 11. Bxe3 d6 12. c3 Bg4 13. Qf2 Ne4 14. Qf7+ Kd8 15.
Bd4 Qa5 16. Bxe4 Bd7 17. Qxg7 Bf5 18. Bxf5 Re8 19. Bf6+ Re7 20. Qxe7# 1-0

[Event "Live Chess"]
[Site "Chess.com"]
[Date "2023.05.21"]
[Round "-"]
[White "raminguy"]
[Black "AttackingSnowLeopard"]
[Result "0-1"]
[WhiteElo "1935"]
[BlackElo "2196"]
[TimeControl "300"]
[EndTime "0:23:21 PDT"]
[Termination "AttackingSnowLeopard won by resignation"]

1. d4 d5 2. Nc3 Nf6 3. Bf4 c6 4. e3 Bf5 5. Nf3 e6 6. Ne5 Nbd7 7. g4 Nxe5 8. gxf5 Ned7 9. fxe6 fxe6 10. Bh3 Qe7 11. Qf3 O-O-O 12. O-O-O h6 13. Rhe1 g5 14.
Be5 Nxe5 15. dxe5 Nd7 16. e4 Nxe5 17. Qg3 Bg7 18. exd5 cxd5 19. Nxd5 Qd6 20. Qc3+ Kb8 21. Ne3 Qb6 22. Qb3 Qc6 23. Kb1 Nf3 24. Bg2 Rhf8 25. Rxd8+ Rxd8 26. Bxf3 Qxf3 27. Nc4 Qd1+ 0-1

[Event "Live Chess"]
[Site "Chess.com"]
[Date "2023.05.21"]
[Round "-"]
[White "EdenHazard8"]
[Black "CroasArRheun"]
[Result "1/2-1/2"]
[WhiteElo "1958"]
[BlackElo "1812"]
[TimeControl "300"]
[EndTime "0:23:31 PDT"]
[Termination "Game drawn by repetition"]

1. e4 e5 2. Nf3 Nc6 3. Bb5 a6 4. Ba4 Nf6 5. O-O Be7 6. Re1 b5 7. Bb3 d6 8. c3 Na5 9. Bc2 c5 10.
d4 cxd4 11. cxd4 exd4 12. Qxd4 Bg4 13. e5 dxe5 14. Qxd8+ Rxd8 15. Nxe5 Be6 16. Be3 Rb8 17.
Nc3 Bd6 18. Bg5 Bxe5 19. Rxe5 Nc4 20. Re2 Nxb2 21. Bf5 Nc4 22. Bxe6 fxe6 23. Rxe6+ Kf7 24. Rxa6 Rhe8 25. h4 Ne4 26. Nxe4 Rxe4 27. Ra7+ Kg6 28. Rd1 Rbe8 29. Rdd7 Rg8 30. Rab7 Re5 31. Rdc7 h6 32. Bf4 Rf5 33. g3 Kh5 34. a4 g5 35. hxg5 hxg5 36. Bc1 Re8 37. Kf1 Rfe5 38. Rxb5 Re1+ 39. Kg2 Rxc1 40.
Rbc5 Re4 41. a5 Rc3 42. a6 Kg4 43. f3+ Rxf3 44. Rxc4 Rxg3+ 45. Kf2 Rf3+ 46. Kg2 Rg3+ 47. Kf2 Rf3+ 48. Kg2 Rg3+ 1/2-1/2

[Event "Live Chess"]
[Site "Chess.com"]
[Date "2023.05.21"]
[Round "-"]
[White "Singapourfeuj"]
[Black "Ferrarifan27"]
[Result "1/2-1/2"]
[WhiteElo "2225"]
[BlackElo "2074"]
[TimeControl "300"]
[EndTime "0:23:32 PDT"]
[Termination "Game drawn by repetition"]

1. d4 Nf6 2. Nf3 e6 3. g3 d5 4. Bg2 Be7 5. O-O O-O 6. c4 c6 7. Nbd2 b6 8. Ne5 Nfd7 9. cxd5 cxd5 10. Ndc4 Nxe5 11. Nxe5 Bb7 12. Bf4 Nd7 13. Rc1 Nxe5 14. Bxe5 Rc8 15. Qa4 a6 16. Bf4 Qe8 17. Qb3 Qb5 18.
Qxb5 axb5 19. Rxc8 Rxc8 20. Rc1 Rxc1+ 21. Bxc1 b4 22.
b3 Ba6 23. Bf1 Kf8 24. f3 Ke8 25. e4 Bxf1 26. Kxf1 Bf6 27. Be3 Kd7 28. Ke2 Kc6 29. Kd3 Kb5 30. g4 h6 31. Bf2 Bg5 32. h4 Bf4 33. h5 Kc6 34. Be1 Kb5 35. Bd2 Bxd2 36.
Kxd2 Kc6 37. Ke3 Kd6 38. Kf4 f6 39. Ke3 Kc6 40. f4 dxe4 41. Kxe4 Kd6 42. f5 e5 43. dxe5+ fxe5 44. g5 hxg5 45. f6 Ke6 46. fxg7 Kf7 47. h6 g4 48. Ke3 Kg8 49. Ke4 Kf7 50. Ke3 Kg8 51. Ke4 Kf7 1/2-1/2

[Event "Live Chess"]
[Site "Chess.com"]
[Date "2023.05.21"]
[Round "-"]
[White "Biranidun"]
[Black "Bob2pen"]
[Result "1-0"]
[WhiteElo "2536"]
[BlackElo "1814"]
[TimeControl "300"]
[EndTime "0:23:50 PDT"]
[Termination "Biranidun won by resignation"]

1. e4 e6 2. d4 d5 3. e5 c5 4. c3 Nc6 5. Nf3 Qb6 6. Bd3 Bd7 7. dxc5 Bxc5 8. O-O a5 9. Nbd2 Nge7 10. Nb3 Ng6 11. Nxc5 Qxc5 12. Qe2 O-O 13. h4 f5 14. exf6 Rxf6 15. Bg5 Rf7 16. Bxg6 hxg6 17. Qd3 Rf5 18. g4 Ne5 19. Nxe5 Rxe5 20. Qxg6 Rf8 21. Qd3 Bb5 22. Qd4 Qxd4 23. cxd4 Re2 24. Be3 Rxb2 25. Rfb1 Rxb1+ 26. Rxb1 Bc6 27. Kg2 a4 28. Kg3 Kf7 29. Bf4 Ke7 30.
h5 Kd7 31. Be5 Rf7 32. Rc1 Ke8 33. f4 Kf8 34. g5 Kg8 35. Kg4 Rf8 36. g6 Rf5 37.
Rh1 Bb5 38. Rh2 Kf8 39. Kg3 Bc4 40. a3 b5 41. h6 gxh6 42. Rxh6 Be2 43. Rh8+ Ke7 44.
g7 1-0

[Event "Live Chess"]
[Site "Chess.com"]
[Date "2023.05.21"]
[Round "-"]
[White "MarkLim1"]
[Black "HoarseyHorsey"]
[Result "1-0"]
[WhiteElo "1683"]
[BlackElo "1444"]
[TimeControl "300"]
[EndTime "0:24:01 PDT"]
[Termination "MarkLim1 won by resignation"]

1. d4 Nf6 2. Nf3 d5 3. c4 Bg4 4. Ne5 Bh5 5. Qb3 Qc8 6. Nc3 c6 7. cxd5 cxd5 8. Nxd5 Nxd5 9. Qxd5 e6 10. Qb5+ Nc6 11. e3 Bg6 12. Nxg6 hxg6 13. Be2 Bd6 14. h3 Qc7 15. Bf3 Rc8 16. Bd2 O-O 17. O-O e5 18.
dxe5 Bxe5 19. Rac1 Qb6 20. Qxb6 axb6 21. Bc3 Bd6 22.
Rfd1 Rfd8 23. Kf1 Ne5 24. Bxb7 Rc5 25. a3 Nc4 26. Bd4 Rc7 27. Bf3 b5 28. Be2 Ne5 29.
Bb6 Rxc1 30. Rxc1 Rb8 31. Bd4 Nd7 32. Ke1 b4 33. a4 Kf8 34. b3 Be5 35. Bb5 Bxd4 36.
exd4 Nb6 37. Kd2 Nd5 38. g3 Ke7 39. Rc5 Ke6 40. Bc4 Rd8 41. Rxd5 Rxd5 42. Bxd5+ Kxd5 43. Kd3 f5 44. f4 1-0

[Event "Live Chess"]
[Site "Chess.com"]
[Date "2023.05.21"]
[Round "-"]
[White "Nazar_777"]
[Black "MJMykh"]
[Result "0-1"]
[WhiteElo "1589"]
[BlackElo "1083"]
[TimeControl "300"]
[EndTime "0:24:20 PDT"]
[Termination "MJMykh won on time"]

1. e3 e5 2. h4 Nc6 3. a3 Nf6 4. c4 Bc5 5. Nc3 O-O 6. Be2 d6 7. Nf3 Bg4 8. Qc2 Bxf3 9. Bxf3 Qd7 10. b4 Bb6 11. Bb2 a6 12. Rc1 a5 13. Be4 Nxe4 14. Nxe4 axb4 15. Ng5 f5 16. g4 bxa3 17. Ba1 a2 18.
Bc3 a1=Q 19. Rxa1 Rxa1+ 20. Bxa1 h6 21. Nh3 fxg4 22. Ng5 hxg5 23. hxg5 Kf7 24. g6+ Ke8 25. Qa4 Ke7 26. Rh7 Rg8 27. Qb3 Na5 28. Qa2 Nc6 29. c5 Qe6 30. Qxe6+ Kxe6 31. cxb6 cxb6 32.
Ke2 Kf6 33. Rh4 Kxg6 34. Rxg4+ Kf6 35. f4 b5 36. Rg5 Re8 37. e4 Nd4+ 38. Kd3 Nc6 39.
Rg1 g6 40. Rh1 Nb4+ 41. Kc3 Nc6 42. Kd3 b4 43. Rh6 b5 44. f5 Rg8 45. Ke3 b3 46.
Bc3 b4 47. Bb2 Nd4 48. Bxd4 exd4+ 49. Kxd4 b2 50. Rh1 gxf5 51. Rb1 fxe4 52. Kxe4 Re8+ 53. Kd3 Rb8 54. Rxb2 Ke5 55. Rb3 Kd5 56. Ke3 Kc4 57. Rb2 b3 58. Ke4 d5+ 59. Ke3 d4+ 60. Ke4 Rb4 61. Ke5 Kd3 62. Kf4 Ke2 0-1

[Event "Live Chess"]
[Site "Chess.com"]
[Date "2023.05.21"]
[Round "-"]
[White "LutherSullivan"]
[Black "Long1968"]
[Result "1-0"]
[WhiteElo "2125"]
[BlackElo "996"]
[TimeControl "300"]
[EndTime "0:24:38 PDT"]
[Termination "LutherSullivan won on time"]

1. e4 e6 2. d4 d5 3. e5 c5 4.
c3 Nc6 5. Nf3 Qb6 6. Be2 cxd4 7.
cxd4 Bb4+ 8. Bd2 Nge7 9. O-O Nf5 10. Be3 Nxe3 11. fxe3 Bd7 12. a3 Be7 13. b4 f6 14.
exf6 Bxf6 15. Nc3 a6 16. Na4 Qc7 17. Nc5 O-O 18. Rc1 b5 19. Bd3 g6 20. Qe1 Rf7 21.
Nxa6 Rxa6 22. Bxb5 Rxa3 23. Bxc6 Bxc6 24. b5 Rb3 25. Rxc6 Qd7 26. Qc1 Rxb5 27. Ne5 Bxe5 28. Rc8+ Kg7 29. Rxf7+ Qxf7 30. dxe5 Rb7 31. h3 Qf5 32. Rc7+ Rxc7 33. Qxc7+ Kh6 34. Qc3 Qb1+ 35. Kh2 Qe4 36. Kg3 g5 37. Qd4 Qxd4 38. exd4 Kg6 39. Kf3 Kf5 40. g4+ Kg6 41. Ke3 h5 42. Kd3 1-0

[Event "Live Chess"]
[Site "Chess.com"]
[Date "2023.05.21"]
[Round "-"]
[White "Denz14"]
[Black "diana21strabt"]
[Result "0-1"]
[WhiteElo "1031"]
[BlackElo "1708"]
[TimeControl "300"]
[EndTime "0:24:53 PDT"]
[Termination "diana21strabt won by resignation"]

1. e4 d5 2. exd5 Qxd5 3. Nc3 Qa5 4. d4 Nf6 5. Bd2 Bg4 6. f3 Bh5 7. g4 Bg6 8. Nh3 Nc6 9. Nd5 Qxd5 10. Nf4 Qxd4 11.
Nxg6 hxg6 12. Bb5 Qe5+ 13. Qe2 Qxe2+ 14. Bxe2 O-O-O 15. O-O-O Nd4 16. Bd3 Nxf3 17. Bg5 Nxg5 18. h4 Nge4 19. Bxe4 Nxe4 20. Rxd8+ Kxd8 21. h5 gxh5 22. gxh5 g6 23. Re1 Nc5 24. Rf1 Rxh5 25. Rxf7 Bh6+ 0-1

[Event "Live Chess"]
[Site "Chess.com"]
[Date "2023.05.21"]
[Round "-"]
[White "ChessClubLive"]
[Black "chessfiction"]
[Result "0-1"]
[WhiteElo "1725"]
[BlackElo "2352"]
[TimeControl "300"]
[EndTime "0:24:57 PDT"]
[Termination "chessfiction won by resignation"]

1. e4 d5 2. d4 dxe4 3. Nc3 Nf6 4.
f3 Nc6 5. Be3 Bf5 6. Qd2 e5 7.
O-O-O Bb4 8. dxe5 Qxd2+ 9. Bxd2 Nxe5 10. fxe4 Bg4 11. Be2 O-O-O 12. Bxg4+ Nfxg4 13. Nh3 Nc4 14. Bg5 f6 15. Rxd8+ Rxd8 16. Bh4 Nge3 17. g4 Rd2 0-1

[Event "Live Chess"]
[Site "Chess.com"]
[Date "2023.05.21"]
[Round "-"]
[White "Doge_Dandolo"]
[Black "blunderabit"]
[Result "1-0"]
[WhiteElo "1898"]
[BlackElo "1808"]
[TimeControl "300"]
[EndTime "0:25:10 PDT"]
[Termination "Doge_Dandolo won by resignation"]

1. Nf3 Nf6 2. c4 e6 3. g3 d5 4. Bg2 Be7 5. O-O O-O 6. d4 dxc4 7. Ne5 Nc6 8. Nxc6 bxc6 9. Be3 Rb8 10. Qc1 Nd5 11.
Na3 Ba6 12. Nxc4 Bxc4 13. Qxc4 Rxb2 14. Rfc1 Rb6 15. a4 Nxe3 16. fxe3 Bg5 17. Rc3 Qb8 18. Kf2 Rd8 19. a5 Rb2 20. Qxc6 e5 21. d5 h5 22. h4 Bh6 23. Qxc7 Qxc7 24. Rxc7 Rxd5 25. Bxd5 1-0

[Event "Live Chess"]
[Site "Chess.com"]
[Date "2023.05.21"]
[Round "-"]
[White "tpm07"]
[Black "profpirate4"]
[Result "1-0"]
[WhiteElo "1925"]
[BlackElo "1264"]
[TimeControl "300"]
[EndTime "0:25:16 PDT"]
[Termination "tpm07 won by checkmate"]

1. e4 c5 2. Nf3 d6 3. d4 cxd4 4. Nxd4 Nf6 5. Nc3 a6 6. h3 e5 7. Nde2 Nbd7 8. g4 Nb6 9. g5 Nfd7 10. Be3 Nc5 11. Bg2 Be7 12. Qd2 Nc4 13. Qc1 Nxe3 14. Qxe3 Bxg5 15. Qg3 Bf6 16. Nd5 Be6 17. Nec3 b5 18.
O-O-O b4 19. Nxf6+ gxf6 20. Nd5 a5 21. Qg7 Rf8 22. Nxf6+ Ke7 23. Nd5+ Kd7 24. Bf1 Rg8 25. Bb5+ Kc8 26. Qxh7 Kb7 27. f4 Rc8 28. f5 Nxe4 29. fxe6 Rxc2+ 30. Kxc2 Rg2+ 31. Kb1 Nd2+ 32. Rxd2 Rxd2 33.
Qxf7+ Kb8 34. e7 Kb7 35. exd8=Q# 1-0

[Event "Live Chess"]
[Site "Chess.com"]
[Date "2023.05.21"]
[Round "-"]
[White "BJAW87"]
[Black "smashu34"]
[Result "1-0"]
[WhiteElo "1442"]
[BlackElo "346"]
[TimeControl "300"]
[EndTime "0:25:16 PDT"]
[Termination "BJAW87 won - game abandoned"]

1. e4 d5 2. exd5 Qxd5 3. Nc3 Qe6+ 4. Be2 Nc6 5. Nf3 Nb4 6. a3 Nd5 7. Nxd5 Qxd5 8. O-O Bf5 9. c4 Qc5 10. b4 Qd6 11. c5 Qd5 12. Qa4+ c6 13. d4 Qe4 14. Re1 e6 15. Bc4 Qg4 16. Ne5 Qf4 17. Bxf4 Nf6 18. Nxc6 Nh5 19. Ne5+ Kd8 20. Nxf7+ Kc8 21. Nxh8 Nxf4 22.
Qe8+ Kc7 23. Qxa8 1-0